 Dungeon Crawl Stone Soup version 0.29.1-12-g30fa7ad0bf (webtiles) character file.

Game seed: 12789186298063219248

308 hawla the Firebug (level 7, -5/51 (52) HPs)
             Began as a Meteoran Fire Elementalist on Jan 13, 2023.
             Slain by a wight
             ... wielding a +5 mace of freezing
              (9 damage)
             ... on level 4 of the Dungeon.
             The game lasted 00:04:50 (709 turns).

hawla the Firebug (Meteoran Fire Elementalist)       Turns: 709, Time: 00:04:51

HP:   -5/51 (52)    AC:  2    Str:  9    XL:     7   Next: 1%
MP:   13/15         EV: 13    Int: 19    God:
Gold: 54            SH:  0    Dex: 15    Spells: 8/15 levels left

rFire   . . .      SeeInvis .   (no weapon)
rCold   . . .      Faith    .   (no shield)
rNeg    . . .      Spirit   .   a - +0 robe
rPois   .          Reflect  .   (no helmet)
rElec   .          Harm     .   (no cloak)
rCorr   .          Rampage  .   (no gloves)
Will    +....                   (no boots)
Stlth   +.........              (no amulet)
HPRegen 0.17/turn               d - ring of willpower
MPRegen 0.14/turn               (no ring)

@: very slightly contaminated, glowing, lightly drained
A: sense surroundings 1, otherworldly, glowing, explore regen
a: no special abilities


You were on level 4 of the Dungeon.
You visited 1 branch of the dungeon, and saw 4 of its levels.

You collected 54 gold pieces.

Inventory:

Armour
 a - a +0 robe (worn)
Jewellery
 d - a ring of willpower (left hand)
Potions
 c - a potion of brilliance {unknown}
 e - 2 potions of curing {unknown}
 f - a potion of flight {unknown}


   Skills:
 + Level 1.1 Fighting
 + Level 3.6 Dodging
 - Level 1.4 Stealth
 + Level 4.9 Spellcasting
 + Level 3.3 Conjurations
 + Level 5.6 Fire Magic


You had 8 spell levels left.
You knew the following spells:

 Your Spells              Type           Power      Damage    Failure   Level
a - Foxfire               Conj/Fire      84%        2x1d8     1%          1
b - Scorch                Fire           52%        2d8       1%          2
c - Flame Wave            Conj/Fire      21%        2d8       21%         4

Your spell library contained the following spells:

 Spells                   Type           Power      Damage    Failure   Level
 Conjure Flame            Conj/Fire      21%        6-21      6%          3
 Inner Flame              Hex/Fire       15%        N/A       12%         3


Dungeon Overview and Level Annotations

Branches:
Dungeon (4/15) Zot: 1690
 Temple: D:4-7

Altars:
Makhleb

Shops:
D:4 [


Innate Abilities, Weirdness & Mutations

You passively map a small area around you.
You are easily found by Zot.
You glow in the dark.
You regain HP and MP as you explore.


Message History

The wight hits you from afar with a +3 trident of freezing.
You feel drained. The wight freezes you.
Casting: Flame Wave (quite dangerous; 22% risk of failure)
Confirm with . or Enter, or press ? or * to list all spells.
The spell is quite dangerous to miscast (22% risk of failure)!
Continue anyway?
Casting: Flame Wave (quite dangerous; 22% risk of failure)
Press: ? - help, Dir - look around, f - activate A wave of flame ripples out! (Press . to intensify the flame waves.)
The wight misses you.
Unknown command.
Press < or > to pray at altars.
A wave of flame ripples out!
The flame wave engulfs the wight!
The wight is burned terribly!
You destroy the wight!
Your life force feels restored.
You have reached level 7!
A wave of flame ripples out!
The flame wave engulfs the wight!
The wight is severely damaged.
You finish channelling waves of flame.
Unknown command.
Press < or > to pray at altars.
You closely miss the wight.
The wight is severely damaged.
The wight hits you with a +5 mace of freezing!
* * * LOW HITPOINT WARNING * * *
You feel drained.
* * * LOW HITPOINT WARNING * * *
The wight freezes you.
* * * LOW HITPOINT WARNING * * *
Magic courses through your body.
The wight hits you with a +5 mace of freezing.
* * * LOW HITPOINT WARNING * * *
The wight freezes you.
* * * LOW HITPOINT WARNING * * *
Casting: Flame Wave (quite dangerous; 21% risk of failure)
Confirm with . or Enter, or press ? or * to list all spells.
Flames lash the wight but do no damage.
The wight hits you with a +5 mace of freezing!
You die...

, * #......#####.## #### , , *
#.....#.....#.# ...##......#
##.....##......# ....#......#
#..............# ....#..(..#
**#.#............# ....#.....#
#.#######......# ...##.....+ ,,
#)# .##......#
...##.....#*,###z###..........#
...##.....##.#3#@#3#..........#
.......†.....#######..##.....####
..............,#1#,... #.....##..
#####......... ### ..,##.........
...##......... , #..........
..........#### ***########†..
..........# ,, ........#..
.).##.....# * , *...#...##..
...##.....# , ...........


You could see an Executioner, a smoke demon, a ynoxinul and a wight.

Vanquished Creatures
  A scorpion (D:4)
  2 wights (D:4)
  A hound (D:4)
  A jelly (D:4)
  An orc wizard (D:3)
  3 adders
  A worm (D:2)
  4 orcs
  7 endoplasms
  2 giant cockroaches
  2 hobgoblins
  2 jackals (D:3)
  A kobold (D:1)
  A quokka (D:3)
  A bat (D:3)
  4 rats
34 creatures vanquished.

Vanquished Creatures (others)
  97 foxfires
97 creatures vanquished.

Grand Total: 131 creatures vanquished

Notes
Turn   | Place    | Note
-------+----------+-------------------------------------------
     0 | D:1      | hawla the Meteoran Fire Elementalist began the quest for
                  | the Orb.
     0 | D:1      | Reached XP level 1. HP: 14/14 MP: 5/5
    37 | D:1      | Reached XP level 2. HP: 16/20 MP: 0/7
    54 | D:1      | Reached skill level 4 in Fire Magic
   109 | D:1      | Learned a level 2 spell: Scorch
   186 | D:2      | Reached XP level 3. HP: 26/26 MP: 6/8
   435 | D:3      | Reached XP level 4. HP: 33/33 MP: 0/10
   510 | D:4      | Reached XP level 5. HP: 33/39 MP: 7/11
   519 | D:4      | Reached skill level 5 in Fire Magic
   531 | D:4      | Learned a level 4 spell: Flame Wave
   660 | D:4      | Reached skill level 1 in Fighting
   660 | D:4      | Reached XP level 6. HP: 40/47 MP: 3/13
   672 | D:4      | Found Dofo Heh's Armour Shoppe.
   696 | D:4      | Found a burning altar of Makhleb.
   696 | D:4      | Noticed an Executioner
   700 | D:4      | Noticed a smoke demon
   700 | D:4      | Noticed a ynoxinul
   706 | D:4      | Reached XP level 7. HP: 23/52 MP: 2/15
   709 | D:4      | Slain by a wight

Illustrated notes

Levels and vault maps discovered:
D:1:      beargit_arrival_diablo_church, layout_loops_corners,
          nicolae_ecumenical_lake_church, minmay_misc_feat_enclosed,
          st_stairs_2, chequers_serial_rivers_micro_e, minmay_misc_feat_tiny,
          minmay_domino_4
D:2:      layout_loops_ring
D:3:      layout_loops_corners, nicolae_uskayaw_dance_hall,
          gup_sewer_entry_bubbles, uniq_sigmund, uniq_jessica
D:4:      layout_gridville, makhleb_altar_promises_db,
          lemuel_coloured_pillars_altar, serial_shops, nicolae_take_the_stairs

Skill      XL: |  1  2  3  4  5  6 |
---------------+-------------------+-----
Spellcasting   | 3 4 |  4.9
Fire Magic     | 4 5 |  5.6
Dodging        | 3 |  3.6
Conjurations   | 2 3 |  3.3
Fighting       | 1 |  1.1
Stealth        | |  1.4

Action                   |  1- 3 |  4- 6 |  7- 9 || total
-------------------------+-------+-------+-------++-------
Melee: Unarmed           |    14 |     6 |     1 ||    21
 Cast: Foxfire           |    31 |    25 |       ||    56
       Scorch            |     5 |     7 |     1 ||    13
       Flame Wave        |       |     1 |       ||     1
  Use: Scroll            |     2 |     2 |       ||     4
       Potion            |       |       |     1 ||     1
Armor: Robe              |     7 |     5 |       ||    12
Dodge: Dodged            |    16 |    21 |       ||    37
